AoeStats
← chenya_ko

Arabia

507860156Analyzed
1v1 RM · 14d ago on Sep 20, 2026· 33m 29s· 2 players
Game mode
Random Map
Map size
Tiny (2 player)
Population
200
Speed
Normal
Resources
Standard
Victory
Conquest
Starting age
Dark Age
Ending age
Imperial Age
RankedLock teamsTeams togetherTeam positionsShared explorationLock speedFull tech treeHidden civsTurbo modeCheats
Victory
Defeat
🇹🇼 Japanese · Taiwan
1073
+15
🇨🇳 Khitans · China
1047
-15
欲火银河
6:46 Loom
10:15 Feudal Age
10:57 Double-Bit Axe
17:17 Domestication
25:04 Castle Age
23:49 Forging
23:45 Scale Barding Armor
24:25 Gold Mining
26:20 Iron Casting
25:09 Light Cavalry
26:39 Chain Barding Armor
29:13 Husbandry
chenya_ko
1:57 Loom
10:05 Feudal Age
10:22 Man-at-Arms
11:33 Double-Bit Axe
13:59 Fletching
16:46 Forging
18:48 Wheelbarrow
23:50 Castle Age
22:07 Horse Collar
22:47 Padded Archer Armor
22:48 Scale Mail Armor
22:37 Arson
22:57 Gold Mining
24:09 Long Swordsman
24:35 Gambesons
24:25 Elite Skirmisher
25:59 Iron Casting
25:34 Squires
27:59 Bow Saw
27:55 Pikeman
29:27 Heavy Plow
31:49 Town Watch
Connection lost

Rejoining the realm…

Still unreachable

The connection could not be restored.

Session expired

The server has moved on; the page needs a fresh start.